 Dungeon Crawl Stone Soup version 0.26-a0-43-g20b394cb32 (webtiles) character file.

Game seed: 11498698842981021188

193 Harbin the Shield-Bearer (level 5, 0/48 HPs)
             Began as a Minotaur Fighter on June 2, 2020.
             Killed by divine providence
             ... invoked by an orc priest
              (13 damage)
             ... on level 4 of the Dungeon.
             The game lasted 00:15:38 (2836 turns).

Harbin the Shield-Bearer (Minotaur Fighter)         Turns: 2836, Time: 00:15:40

Health: 0/48       AC:  6    Str: 22    XL:     5   Next: 44%
Magic:  4/4        EV:  7    Int:  5    God:
Gold:   200        SH: 10    Dex:  9    Spells: 4/4 levels left

rFire    . . .     SeeInvis .   a - +0 war axe
rCold    . . .     Gourm    .   c - +0 kite shield
rNeg     . . .     Faith    .   b - +0 scale mail
rPois    .         Spirit   .   (helmet restricted)
rElec    .         Reflect  .   (no cloak)
rCorr    .         Harm     .   (no gloves)
MR       .....     Rnd*Tele +   (no boots)
Stlth    ..........             (no amulet)
HPRegen  0.16/turn              q - ring of teleportation (curse)
MPRegen  0.09/turn              (no ring)

@: lethally poisoned (0 -> -2)
A: retaliatory headbutt, horns 2
a: no special abilities


You were on level 4 of the Dungeon.
You were hungry.

You visited 1 branch of the dungeon, and saw 4 of its levels.

You collected 200 gold pieces.

Inventory:

Hand Weapons
 a - a +0 war axe (weapon)
Missiles
 k - 24 poisoned darts (quivered)
 r - 3 boomerangs
Armour
 b - a +0 scale mail (worn)
 c - a +0 kite shield (worn)
 d - a +0 tower shield
 h - a +0 chain mail
Jewellery
 q - a cursed ring of teleportation (left hand)
Scrolls
 l - 2 scrolls of identify
 s - a scroll of immolation
Potions
 e - a potion of flight
 g - a potion of heal wounds
 i - a potion of brilliance {unknown}
 j - 3 potions of curing
 m - a potion of haste {unknown}
 n - a potion of lignification {unknown}
 o - a potion of stabbing {unknown}
 p - 2 potions of degeneration
Comestibles
 f - 8 rations
 u - 3 chunks of flesh


   Skills:
 + Level 5.2 Fighting
 + Level 4.4 Axes
 - Level 3.6 Armour
 + Level 5.2 Shields


You had 4 spell levels left.
You didn't know any spells.
Your spell library was empty.

Dungeon Overview and Level Annotations

Branches:
Dungeon (4/15)
 Temple: D:4-7

Altars:
Wu Jian


Innate Abilities, Weirdness & Mutations

You reflexively headbutt those who attack you in melee.
You have a pair of horns on your head.


Message History

The orc priest looks braver for a moment.
The orc priest hits you.
Some of the chunks of flesh in your inventory have rotted away.
You hit the orc priest but do no damage.
The orc priest is severely wounded.
You feel sick.
The orc priest hits you but does no damage.
You hit the orc priest.
The orc priest is severely wounded.
An orc comes into view. It is wielding a +0 whip.
The orc priest mumbles some strange prayers to Beogh against you.
Pain shoots through your body!
You hit the orc priest but do no damage.
The orc priest is severely wounded.
The orc priest calls down the wrath of Beogh upon you.
Pain shoots through your body!
* * * LOW HITPOINT WARNING * * *
The orc priest mumbles some strange prayers to Beogh against you.
Beogh smites you!
You die...

.. .# .# .#
. ##.# #..
#..#
..o..####.##
#..o@...#
#####)..#
#.#..#
#.##..# ...
...# #..#
##...###
..## #....
#.# #..##
#...


You could see an orc priest and an orc.

Vanquished Creatures
  An orc wizard (D:4)
  Robin (D:2)
  3 adders
  A river rat (D:3)
  2 oozes
  3 worms (D:3)
  A leopard gecko (D:3)
  8 orcs
  A ball python (D:2)
  2 giant cockroaches
  17 goblins
  8 hobgoblins
  13 jackals
  4 bats
  3 frilled lizards
  8 kobolds
  11 rats
87 creatures vanquished.

Notes
Turn   | Place    | Note
-------+----------+-------------------------------------------
     0 | D:1      | Harbin the Minotaur Fighter began the quest for the Orb.
     0 | D:1      | Reached XP level 1. HP: 19/19 MP: 0/0
   119 | D:1      | Reached XP level 2. HP: 27/27 MP: 1/1
   768 | D:2      | Noticed Robin
   773 | D:2      | Reached XP level 3. HP: 20/33 MP: 2/2
   781 | D:2      | Killed Robin
  1046 | D:2      | Reached XP level 4. HP: 35/41 MP: 3/3
  2683 | D:3      | Reached skill level 5 in Shields
  2683 | D:3      | Reached XP level 5. HP: 47/47 MP: 4/4
  2806 | D:4      | Found an ornate altar of the Wu Jian Council.
  2808 | D:4      | Reached skill level 5 in Fighting
  2836 | D:4      | Killed from afar by an orc priest

Illustrated notes

Levels and vault maps discovered:
D:1:      scummos_arrival_star, layout_basic
D:2:      layout_rooms, minmay_tetromino_t4, uniq_robin
D:3:      layout_basic, gup_sewer_entry_spiral
D:4:      lemuel_upstairs_altar, layout_rooms,
          nicolae_ru_great_annihilating_truth, nicolae_overflow_crystal_walls,
          gammafunk_temple_overflow_wave

Skill      XL: |  1  2  3  4  5 |
---------------+----------------+-----
Shields        | 4 5 |  5.2
Fighting       | 4 5 |  5.2
Axes           | 3 4 |  4.4
Armour         | |  3.6

Action                   |  1- 3 |  4- 6 || total
-------------------------+-------+-------++-------
Melee: War axe           |    66 |   137 ||   203
       Headbutt          |     6 |    19 ||    25
  Use: Potion            |     1 |     2 ||     3
       Scroll            |     4 |     4 ||     8
  Eat: Chunk             |       |     6 ||     6
Armor: Scale mail        |    45 |    29 ||    74
Dodge: Dodged            |    35 |    41 ||    76
Block: Kite shield       |    55 |    57 ||   112

Table legend:
 A = Non-vault XP
 B = Vault XP
 C = Vault XP percentage of total XP
 D = Non-vault monster count
 E = Vault monster count
 F = Vault count percentage of total count
                 A         B        C        D         E       F
            +---------+---------+-------+---------+---------+-------
      Total |     206 |      71 |  25.6 |      65 |      22 |  25.3
            +---------+---------+-------+---------+---------+-------
        D:1 |      24 |       0 |   0.0 |      15 |       0 |   0.0
        D:2 |      42 |      42 |  50.0 |      18 |      16 |  47.1
        D:3 |      72 |      29 |  28.7 |      27 |       6 |  18.2
        D:4 |      68 |       0 |   0.0 |       5 |       0 |   0.0
            +---------+---------+-------+---------+---------+-------
